 Seeded DCSS version 0.32-a0-473-gd044c6f0f0 (webtiles) character file.

Game seed: 7220356206648857820 (custom seed)

500 CInkIbrahim the Poker (level 7, 52/52 HPs)
             Began as a Coglin Fighter on Feb 26, 2024.
             Was a Believer of Lugonu.
             Quit the game on level 4 of the Dungeon.
             The game lasted 00:01:24 (2930 turns).

CInkIbrahim the Poker (Coglin Fighter)              Turns: 2930, Time: 00:01:25

Health: 52/52      AC: 23    Str: 15    XL:     7   Next: 16%
Magic:  7/7        EV:  0    Int:  7    God:    Lugonu [**....]
Gold:   209        SH:  0    Dex: 13    Spells: 6/6 levels left

rFire   + . .        i - +8 lance "Wyrmbane" {slay drac, rPois rF+ rC+ AC+3}
rCold   + . .        j - +4 demon trident (elec) {Mai}
rNeg    . . .        a - +5 crystal plate armour of Uskayaw's Reproof {Will++ Str-4}
rPois   +            (no helmet)
rElec   .            (no cloak)
rCorr   .            (no gloves)
SInv    .            (no boots)
Will    ++...        (no amulet) Stlth
                     (ring unavailable)
HPRegen 0.28/turn    (ring unavailable)
MPRegen 0.10/turn

%: no passive effects
@: no status effects
A: off-hand wielding, slow wielding, warmup strikes, no rings
a: Renounce Religion, Depart the Abyss, Banish


You were on level 4 of the Dungeon.
You worshipped Lugonu.
Lugonu was pleased with you.
You visited 1 branch of the dungeon, and saw 4 of its levels.

You collected 209 gold pieces.

Inventory:

Hand Weapons
 i - the +8 lance "Wyrmbane" (weapon) {slay drac, rPois rF+ rC+ AC+3}
   (You acquired it on level 2 of the Dungeon)

   AC+3:      It affects your AC (+3).
   rF+:       It protects you from fire.
   rC+:       It protects you from cold.
   rPois:     It protects you from poison
 j - a +4 demon trident of electrocution (offhand) {Mai}
Missiles
 t - 2 throwing nets (quivered)
Armour
 a - the +5 crystal plate armour of Uskayaw's Reproof (worn) {Will++ Str-4}
   (You acquired it on level 2 of the Dungeon)

   Str-4:     It affects your strength (-4).
   Will++:    It greatly increases your willpower.
 b - a +0 scale mail
 c - a +0 buckler
Wands
 s - a wand of charming (7)
 u - a wand of iceblast (12)
Scrolls
 e - a scroll of vulnerability {unknown}
 k - 3 scrolls of teleportation {unknown}
 m - a scroll of amnesia {unknown}
 n - 5 scrolls of identify {unknown}
 v - a scroll of acquirement
 w - a scroll of blinking {unknown}
 x - a scroll of fog {unknown}
Potions
 d - 2 potions of might
 f - a potion of degeneration {unknown}
 g - 2 potions of invisibility {unknown}
 h - 2 potions of enlightenment {unknown}
 l - 4 potions of curing {unknown}
 o - 2 potions of mutation {unknown}
 p - 2 potions of lignification {unknown}
 q - a potion of magic {unknown}
 r - a potion of attraction {unknown}


   Skills:
 - Level 3.0 Fighting
 + Level 6.9 Polearms
 - Level 2.6 Armour
 - Level 2.1 Shields


You had 6 spell levels left.
You didn't know any spells.
Your spell library contained the following spells:

 Spells                   Type           Power      Damage    Failure   Level
 Ensorcelled Hibernation  Hex/Ice        0%         N/A       100%        2
 Momentum Strike          Conj/Tloc      0%         3d8       100%        2
 Dazzling Flash           Conj/Hex       0%         N/A       100%        3
 Passwall                 Erth           0%         N/A       100%        3
 Swiftness                Air            0%         N/A       100%        3
 Volatile Blastmotes      Fire/Tloc      0%         2d10      100%        3
 Silence                  Hex/Air        0%         N/A       100%        5
 Yara's Violent Unravell  Hex/Alch       0%         3d3       100%        5
 Starburst                Conj/Fire      0%         6d3       100%        6
 Maxwell's Capacitive Co  Air            0%         ∞         100%        8


Dungeon Overview and Level Annotations

Branches:
Dungeon (4/15)             Temple (0/1) D:4

Altars:
Lugonu

Shops:
D:3 !


Innate Abilities, Weirdness & Mutations

You can wield a second weapon in your off-hand.
It takes a long time for you to wield or remove held weapons.
Your first few attacks do less damage.
Your grasper-arms cannot wear rings.


Message History

You now have 209 gold pieces (gained 6).
The quokka twitches its whiskers.
There is an open door here.
You open the door.
A ball python is nearby!
A ball python is nearby!
A ball python is nearby!
Failed to move towards target.
A ball python is nearby!
Failed to move towards target.
A ball python is nearby!
Failed to move towards target.
A ball python is nearby!
Failed to move towards target.
A ball python is nearby!
Failed to move towards target.
A ball python is nearby!
Failed to move towards target.
A ball python is nearby!
Failed to move towards target.
A ball python is nearby!
Failed to move towards target.
A ball python is nearby!
Failed to move towards target.
A ball python is nearby!
Failed to move towards target.
A ball python is nearby!
Failed to move towards target.
A ball python is nearby!
Failed to move towards target.
A ball python is nearby!
Failed to move towards target.
A ball python is nearby!
Failed to move towards target.
A ball python is nearby!
Failed to move towards target.
Something appears at your feet! Something appears at your feet!
Search for what [Enter for "alt", or ? for help]? arti Are you sure you want to abandon this character and quit the game? (Confirm with "yes".)

#S###.#..)..#.....#.##
..####..#.....#....##.#
#..###...+.....+...###.#
#..##....#.....#..####.#
#..#.....#.)...#r###.#.#
#..#....####'######..#.##
#..'..S###.....###...+.##
#.#.J###.....###....#.##
#.#o###@....###.....#..#
#.####.....###.....##...
#.###.....###.....###.##
#..####'#######+#####..#
#.....J.................
##############..........
##########


You could see an orc, 2 endoplasms and a ball python.

Vanquished Creatures
  Sigmund (D:3)
  A black bear (D:4)
  A phantom (D:4)
  A scorpion (D:3)
  Ijyb (D:3)
  A gnoll (D:4)
  4 adders (D:2)
  A dart slug (D:1)
  A ribbon worm (D:2)
  4 endoplasms
  A giant cockroach (D:2)
  9 goblins
  3 hobgoblins
  A kobold (D:4)
  2 quokkas (D:1)
  6 ball pythons
  A bat (D:2)
  4 frilled lizards
  5 rats (D:2)
48 creatures vanquished.

Notes
Turn   | Place    | Note
-------+----------+-------------------------------------------
     0 | D:1      | CInkIbrahim the Coglin Fighter began the quest for the Orb.
     0 | D:1      | Reached XP level 1. HP: 18/18 MP: 1/1
    68 | D:1      | Reached skill level 2 in Polearms
   277 | D:1      | Found a faded altar of an unknown god.
   311 | D:1      | Reached XP level 2. HP: 19/24 MP: 2/2
   320 | D:1      | Prayed at the altar of an unknown god.
   320 | D:1      | Became a worshipper of Lugonu the Unformed
   320 | D:1      | Reached * piety under Lugonu
   650 | D:2      | Identified 3 scrolls of acquirement
   650 | D:2      | Acquired the +5 crystal plate armour of Uskayaw's Reproof
                  | {Will++ Str-4}
   651 | D:2      | Acquired a +4 demon trident of electrocution
   652 | D:2      | Acquired the +8 lance "Wyrmbane" {slay drac, rPois rF+ rC+
                  | AC+3}
   652 | D:2      | Found the +8 lance "Wyrmbane" {slay drac, rPois rF+ rC+
                  | AC+3}
  1004 | D:2      | Reached skill level 3 in Polearms
  1004 | D:2      | Reached XP level 3. HP: 29/29 MP: 3/3
  1256 | D:2      | Reached XP level 4. HP: 32/35 MP: 4/4
  1556 | D:2      | Reached skill level 4 in Polearms
  1696 | D:3      | Noticed Ijyb
  1701 | D:3      | Killed Ijyb
  1766 | D:3      | Noticed a scorpion
  1770 | D:3      | Killed a scorpion
  1771 | D:3      | Reached XP level 5. HP: 41/41 MP: 5/5
  1829 | D:3      | Noticed Sigmund
  1832 | D:3      | Killed Sigmund
  1833 | D:3      | Reached skill level 6 in Polearms
  1833 | D:3      | Reached XP level 6. HP: 42/47 MP: 6/6
  2191 | D:3      | Found Rezxetoc's Distillery.
  2434 | D:4      | Reached ** piety under Lugonu
  2461 | D:4      | Found a staircase to the Ecumenical Temple.
  2871 | D:4      | Noticed a black bear
  2879 | D:4      | Killed a black bear
  2880 | D:4      | Reached XP level 7. HP: 52/52 MP: 7/7
  2912 | D:4      | Got Sif Muna's Compendium of Dislocated Enchantment
  2928 | D:4      | Acquired 556 gold pieces
  2929 | D:4      | Acquired 803 gold pieces
  2930 | D:4      | Quit the game

Illustrated notes

Levels and vault maps discovered:
D:1:      psy_arrival_whirlpool, layout_basic,
          shapermc_ecumenical_altar_starsandcircs, minmay_strange_pillars
D:2:      kennysheep_big_flooded_room, layout_loops_corners, minmay_cut_off
D:3:      layout_loops_ring, serial_shops,
          nicolae_shop_temple_entry_statues_fountains, grunt_decor_clamped,
          uniq_sigmund, uniq_ijyb
D:4:      layout_basic, minmay_temple_entry_glassed_door, minmay_quadrilaterals

Skill      XL: |  1  2  3  4  5 |
---------------+----------------+-----
Polearms       | 2 3 4 6 |  6.9
Fighting       | |  3.0
Armour         | |  2.6
Shields        | |  2.1

Action                     |  1- 3 |  4- 6 |  7- 9 || total
---------------------------+-------+-------+-------++-------
  Melee: Trident           |    23 |       |       ||    23
         Demon trident     |    20 |    31 |     4 ||    55
         Lance             |    18 |    29 |     4 ||    51
    Use: Scroll            |     3 |       |     2 ||     5
 Armour: Scale mail        |     7 |       |       ||     7
         Crystal plate arm |    20 |    19 |     2 ||    41
  Dodge: Dodged            |     3 |     2 |       ||     5
  Block: Buckler           |     4 |       |       ||     4

Table legend: (Time is in decaauts)
 A = Elapsed time spent in this place.
 B = Non-inter-level travel time spent in this place.
 C = Inter-level travel time spent in this place.
 D = Time resting spent in this place.
 E = Time spent auto-exploring this place.
 F = Levels seen in this place.
 G = Mean time per level.
                   A        B        C        D        E       F      G
               +--------+--------+--------+--------+--------+-----+--------+
         Total |   2934 |   2840 |     94 |      0 |   2499 |   4 |  733.5 |
       Dungeon |   2934 |   2840 |     94 |      0 |   2499 |   4 |  733.5 |
               +--------+--------+--------+--------+--------+-----+--------+

Top non-repeatable levels by time:
     D:2: 1038 daAuts
     D:4: 668 daAuts
     D:3: 629 daAuts
     D:1: 597 daAuts
